 Dungeon Crawl Stone Soup version 0.30.0-19-g36f170ea60 (webtiles) character file.

Game seed: 17066826821108938579

410 cheesebisquit the Slicer (level 7, -4/36 HPs)
             Began as a Kobold Enchanter on May 30, 2023.
             Slain by a mummy (10 damage)
             ... in an ossuary.
             The game lasted 00:13:50 (2663 turns).

cheesebisquit the Slicer (Kobold Enchanter)         Turns: 2663, Time: 00:13:50

Health: -4/36      AC:  4    Str:  5    XL:     7   Next: 13%
Magic:  10/10      EV: 14    Int: 17    God:
Gold:   179        SH:  0    Dex: 17    Spells: 10/10 levels left

rFire   . . .        r - +3 dagger
rCold   + . .        (no shield)
rNeg    . . .        m - +0 leather armour {Will+}
rPois   .            (no helmet)
rElec   .            (no cloak)
rCorr   .            (no gloves)
SInv    .            g - +0 pair of boots
Will    +....        a - amulet of the acrobat
Stlth   ++++         l - ring of protection from cold
HPRegen 0.26/turn    (no ring)
MPRegen 0.12/turn

%: acrobat
@: brilliant, about to teleport
A: small, no large weapons, nightstalker 3
a: no special abilities


You were in an ossuary.
You visited 1 branch of the dungeon, and saw 4 of its levels.
You also visited: Ossuary.

You collected 179 gold pieces.

Inventory:

Hand Weapons
 r - a +3 dagger (weapon)
Missiles
 p - 6 poisoned darts (quivered)
Armour
 g - a +0 pair of boots (worn)
 m - a +0 leather armour of willpower (worn)
Jewellery
 a - an amulet of the acrobat (around neck)
 l - a ring of protection from cold (left hand)
Scrolls
 d - 5 scrolls of teleportation
 e - a scroll of torment
 h - 2 scrolls of identify {unknown}
 j - 2 scrolls of blinking {unknown}
 k - a scroll of amnesia {unknown}
 n - 2 scrolls of fear
Potions
 b - a potion of attraction {unknown}
 f - a potion of mutation {unknown}
 i - 2 potions of curing
 o - a potion of heal wounds {unknown}
 q - a potion of brilliance
 s - a potion of might {unknown}


   Skills:
 + Level 9.1 Short Blades
 - Level 2.4 Dodging
 - Level 4.0 Stealth
 - Level 2.1 Spellcasting
 - Level 3.0 Hexes


You had 10 spell levels left.
You didn't know any spells.
Your spell library contained the following spells:

 Spells                   Type           Power      Damage    Failure   Level
 Ensorcelled Hibernation  Hex/Ice        20%        N/A       26%         2
 Confusing Touch          Hex            18%        N/A       28%         3
 Tukima's Dance           Hex            18%        N/A       28%         3
 Dazzling Flash           Conj/Hex       20%        N/A       45%         3
 Portal Projectile        Hex/Tloc       20%        N/A       45%         3
 Call Canine Familiar     Summ           2%         N/A       67%         3
 Ozocubu's Armour         Ice            2%         N/A       67%         3
 Leda's Liquefaction      Hex/Erth       5%         N/A       86%         4
 Ozocubu's Refrigeration  Ice            1%         4d7       100%        7


Dungeon Overview and Level Annotations

Branches:
Dungeon (4/15)            Ossuary (1/1)
 Temple: D:4-7

Altars:
Fedhas

Shops:
D:3 (


Innate Abilities, Weirdness & Mutations

You are small and have problems with some larger weapons.
You are completely attuned to the shadows.


Message History

2 mummies come into view.
The mummy completely misses you.
You hit the mummy.
The mummy is lightly damaged.
The kobold zombie closely misses you.
You barely miss the mummy.
The mummy is lightly damaged.
You hit the mummy but do no damage.
The mummy is lightly damaged.
The mummy closely misses you.
You hit the kobold zombie.
The kobold zombie is moderately damaged.
The kobold zombie barely misses you.
You hit the kobold zombie.
The kobold zombie is moderately damaged.
You hit the kobold zombie.
The kobold zombie is almost destroyed.
The kobold zombie misses you. The mummy hits you!
You hit the kobold zombie.
You destroy the kobold zombie!
You hit the mummy but do no damage. You hit the mummy.
The mummy is lightly damaged.
The mummy barely misses you. The mummy hits you!
It was a potion of curing.
You feel better.
It was a potion of brilliance.
You feel clever all of a sudden. The mummy completely misses you. x2
Okay, then.
As you read the scroll labelled UWOEDO XEFINLY, it crumbles to dust.
You feel strangely unstable.
It was a scroll of teleportation.
As you read the scroll labelled HEIHYRCHERCHE, it crumbles to dust.
Your body is wracked with pain!
It was a scroll of torment.
The mummy hits you. x2
* * * LOW HITPOINT WARNING * * *
The mummy barely misses you. The mummy closely misses you.
As you read the scroll labelled EZUN ARAMI, it crumbles to dust.
You assume a fearsome visage.
The mummy is unaffected. x4
It was a scroll of fear.
The mummy barely misses you. The mummy closely misses you. The mummy hits you!
You die...

##....##.
.........
Z..........
.....MM....
#...M@M..#
#......##
##....##
#....#
#....#
#....#
#....#
#....#
#....#


You could see 4 mummies.

Vanquished Creatures
  A steam dragon (D:4)
  A phantom (D:4)
  A scorpion (D:4)
  An iguana (D:4)
  Jessica (D:2)
  3 gnolls
  An adder (D:4)
  3 dart slugs
  5 ball pythons
  5 bats
  7 endoplasms
  2 giant cockroaches (D:2)
  8 goblins
  6 hobgoblins
  4 frilled lizards
  A gnoll zombie (Ossuary)
  A hobgoblin zombie (Ossuary)
  A jackal zombie (D:4)
  8 kobolds
  2 kobold zombies (Ossuary)
  An orc zombie (Ossuary)
  5 rats
68 creatures vanquished.

Notes
Turn   | Place    | Note
-------+----------+-------------------------------------------
     0 | D:1      | cheesebisquit the Kobold Enchanter began the quest for the
                  | Orb.
     0 | D:1      | Reached XP level 1. HP: 10/10 MP: 3/3
   135 | D:1      | Reached skill level 2 in Short Blades
   197 | D:1      | Reached XP level 2. HP: 13/15 MP: 5/5
   213 | D:1      | Reached skill level 3 in Short Blades
   453 | D:1      | Reached XP level 3. HP: 19/19 MP: 6/6
   610 | D:1      | Reached skill level 4 in Short Blades
   676 | D:2      | Noticed Jessica
   677 | D:2      | Killed Jessica
   678 | D:2      | Reached XP level 4. HP: 24/24 MP: 7/7
   818 | D:2      | Reached skill level 5 in Short Blades
   896 | D:2      | Found a blossoming altar of Fedhas.
  1629 | D:3      | Found Guira's Antique Weapon Emporium.
  2169 | D:4      | Reached XP level 5. HP: 28/28 MP: 8/8
  2208 | D:3      | Reached skill level 6 in Short Blades
  2405 | D:4      | Noticed a phantom
  2418 | D:4      | Killed a phantom
  2419 | D:4      | Reached skill level 7 in Short Blades
  2419 | D:4      | Reached XP level 6. HP: 29/32 MP: 9/9
  2480 | D:4      | Noticed a steam dragon
  2499 | D:4      | Reached skill level 8 in Short Blades
  2500 | D:4      | Killed a steam dragon
  2501 | D:4      | Reached skill level 9 in Short Blades
  2501 | D:4      | Reached XP level 7. HP: 30/36 MP: 10/10
  2521 | D:4      | Found a sand-covered staircase.
  2527 | Ossuary  | Entered an ossuary
  2663 | Ossuary  | Slain by a mummy

Illustrated notes

Levels and vault maps discovered:
D:1:      nzn_arrival_settlement, layout_basic, minmay_split_cup_large
D:2:      layout_rooms, basic_altar, uniq_jessica
D:3:      layout_basic, serial_shops, nicolae_shop_behind_doors,
          minmay_misc_feat_rows, nicolae_concentric_dashed_squares_mild
D:4:      layout_cave_pods, enter_ossuary_3, minmay_fire_ice_demons
Ossuary:  ossuary_tomb_3

Skill      XL: |  1  2  3  4  5  6 |
---------------+-------------------+-----
Short Blades   | 2 3 4 5 7 9 |  9.1
Dodging        | |  2.4
Stealth        | |  4.0
Spellcasting   | |  2.1
Hexes          | |  3.0

Action                     |  1- 3 |  4- 6 |  7- 9 || total
---------------------------+-------+-------+-------++-------
  Melee: Dagger            |    60 |   116 |    27 ||   203
         Punch             |       |     2 |       ||     2
  Throw: Boomerang         |       |     3 |       ||     3
    Use: Potion            |       |     3 |     2 ||     5
         Scroll            |       |       |     3 ||     3
   Stab: Sleeping          |    15 |    13 |       ||    28
         Invisible         |       |     5 |     1 ||     6
 Armour: Robe              |     8 |     4 |       ||    12
         Leather armour    |       |     4 |     2 ||     6
  Dodge: Dodged            |    29 |    83 |    22 ||   134
